 Dungeon Crawl Stone Soup version 0.30.1-4-g462c640d31 (webtiles) character file.

Game seed: 11879991465240683645

15365 spardeous the Placeless Demigod (level 11, -3/74 HPs)
             Began as a Demigod Conjurer on Aug 11, 2023.
             Slain by a skeletal warrior
             ... wielding a +0 war axe
              (25 damage)
             ... on level 11 of the Dungeon.
             The game lasted 00:24:26 (17564 turns).

spardeous the Placeless Demigod (Demigod Conjurer) Turns: 17564, Time: 00:24:26

Health: -3/74      AC: 16    Str: 12    XL:     11   Next: 68%
Magic:  2/29       EV: 11    Int: 29    God:
Gold:   761        SH:  7    Dex: 16    Spells: 23/30 levels left

rFire   . . .        j - +2 mace (heavy)
rCold   + . .        A - +1 buckler {rPois}
rNeg    . . .        I - +0 acid dragon scales
rPois   +            N - +2 hat
rElec   .            R - +0 cloak
rCorr   +            (no gloves)
SInv    .            p - +2 pair of boots
Will    ++...        (no amulet)
Stlth   ++           l - ring "Tyogoy" {rC+ Will+ Int+5}
HPRegen 0.32/turn    K - +4 ring of protection
MPRegen 0.21/turn

%: no passive effects
@: about to teleport
A: high MP 1, forlorn, divine attributes
a: no special abilities


You were on level 11 of the Dungeon.
You visited 1 branch of the dungeon, and saw 11 of its levels.
You also visited: Ossuary.

You collected 947 gold pieces.
You spent 186 gold pieces at shops.

Inventory:

Hand Weapons
 j - a +2 heavy mace (weapon)
 Q - the +12 mace of the Turnip {holy, Drain rC++ rN+ Dex+2}
   (You found it on level 7 of the Dungeon)

   Dex:       It affects your dexterity (+2).
   rC:        It greatly protects you from cold.
   rN:        It protects you from negative energy.
   Drain:     It drains your maximum health when unequipped.
 U - a +2 war axe of flaming
Armour
 n - a +2 chain mail of willpower
 p - a +2 pair of boots (worn)
 z - a +0 helmet
 A - a +1 buckler of poison resistance (worn)
 I - +0 acid dragon scales (worn)
 N - a +2 hat (worn)
 R - a +0 cloak (worn)
Jewellery
 a - a ring of ice
 i - a ring of protection from fire
 l - the ring "Tyogoy" (left hand) {rC+ Will+ Int+5}
   (You found it on level 2 of the Dungeon)

   [ring of willpower]

   Int:       It affects your intelligence (+5).
   rC:        It protects you from cold.
   Will:      It increases your willpower.
 t - a +4 ring of protection
 y - a +6 ring of dexterity
 J - a ring of willpower
 K - a +4 ring of protection (right hand)
 O - a ring of positive energy
 T - a ring of magical power
 W - a ring of positive energy
Wands
 m - a wand of light (6)
 G - a wand of mindburst (3)
 H - a wand of digging (6)
 P - a wand of polymorph (19)
 V - a wand of paralysis (6)
 X - a wand of flame (1)
 Y - a wand of iceblast (2)
Scrolls
 c - a scroll of poison
 d - 13 scrolls of teleportation
 f - 2 scrolls of blinking
 k - 3 scrolls of noise {unknown}
 q - 6 scrolls of fear
 s - 2 scrolls of amnesia
 v - 4 scrolls of enchant armour
 B - 5 scrolls of magic mapping
 D - a scroll of torment
 E - 4 scrolls of enchant weapon
 F - 3 scrolls of immolation
 L - 2 scrolls of vulnerability
 Z - a scroll of butterflies
Potions
 b - 2 potions of magic
 e - 3 potions of invisibility {unknown}
 g - 2 potions of might {unknown}
 h - 7 potions of mutation {unknown}
 o - 6 potions of curing {unknown}
 r - 5 potions of lignification {unknown}
 u - 2 potions of degeneration {unknown}
 w - 4 potions of attraction {unknown}
 x - 2 potions of brilliance {unknown}
 C - 3 potions of haste
 M - 4 potions of heal wounds {unknown}
 S - a potion of ambrosia


   Skills:
 - Level 1.7 Dodging
 - Level 1.7 Stealth
 - Level 5.7 Shields
 - Level 10.4 Spellcasting
 + Level 7.9 Conjurations
 - Level 11.0 Translocations


You had 23 spell levels left.
You knew the following spells:

 Your Spells              Type           Power      Damage    Failure   Level
a - Magic Dart            Conj           100%       1d8       1%          1
b - Searing Ray           Conj           100%       2d8       1%          2
c - Iskenderun's Mystic   Conj/Tloc      63%        2d13      1%          4

Your spell library contained the following spells:

 Spells                   Type           Power      Damage    Failure   Level
 Dazzling Flash           Conj/Hex       76%        N/A       4%          3
 Slow                     Hex            60%        N/A       8%          1
 Cigotuvi's Dreadful Rot  Necr/Pois/Air  30%        N/A       11%         2
 Fulminant Prism          Conj/Hex       19%        3d10      14%         4
 Confusing Touch          Hex            15%        N/A       22%         3
 Vampiric Draining        Necr           15%        2d7       22%         3
 Dispel Undead            Necr           15%        3d10      58%         4
 Death Channel            Necr           7%         N/A       100%        6


Dungeon Overview and Level Annotations

Branches:
Dungeon (11/15)            Temple (0/1) D:5            Lair (0/5) D:10
    Orc (0/2) D:11        Ossuary (visited)

Shops:
D:10 ?


Innate Abilities, Weirdness & Mutations

You have an increased reservoir of magic. (+10% MP)
You shall have no god before yourself.
Your divine heritage dramatically boosts your attributes as you level up.


Message History

The skeletal warrior is almost destroyed.
The skeletal warrior is knocked back by the mystic blast.
The skeletal warrior slams into the rock wall!
You now have 2/29 mp.
You see here a +0 hand axe.
The skeletal warrior attacks as you move away!
The skeletal warrior hits you with a +0 war axe!
Things that are here:
a +0 leather armour; a +0 club You take 12 damage, and have 46/74 hp.
You see here a +0 hand axe.
Casting: Iskenderun's Mystic Blast (dangerous; 1% risk of failure)
Confirm with . or Enter, or press ? or * to list all spells.
You erupt in a blast of force!
The mystic blast hits the skeletal warrior but does no damage.
The skeletal warrior is almost destroyed.
The skeletal warrior hits you with a +0 war axe.
You take 5 damage, and have 42/74 hp.
You now have 0/29 mp.
Okay, then.
The skeletal warrior attacks as you move away!
The skeletal warrior hits you with a +0 war axe!
* * * LOW HITPOINT WARNING * * *
You take 13 damage, and have 30/74 hp.
A kobold comes into view. It is wielding a +0 dagger.
The kobold moves out of view.
Okay, then.
The skeletal warrior attacks as you move away!
The skeletal warrior hits you but does no damage.
The kobold shouts!
The kobold throws a stone.
The stone barely misses you.
The skeletal warrior attacks as you move away!
The skeletal warrior hits you with a +0 war axe!
* * * LOW HITPOINT WARNING * * *
You take 9 damage, and have 22/74 hp.
As you read the scroll of teleportation, it crumbles to dust.
You feel strangely unstable. The skeletal warrior barely misses you.
Okay, then.
The skeletal warrior attacks as you move away!
The skeletal warrior hits you with a +0 war axe!!
You die...

#.#####...........#
#..>..............#
#..####...........#
#....##...........#
#.##.>............# .
#.#####..........###
..#.#######...K....[.# .
#.#..#####.####z#.##
#.#.#....# #.###@.#.#
..#=#.##.# #.##..##.##
#.#.#.##.# #.##.###..#
.##.#.##<###.##.# ##.##
..#.#.##...#.##.## #.)#
..#...####.......# ##.#
..#...# ###..##)# #)#
..#...#####...##.####[###
#.#.####.....###<.).....#


You could see a skeletal warrior.

Vanquished Creatures
  Fannar (D:10)
  Harold (D:10)
  Erica (D:8)
  2 two-headed ogres (D:11)
  Sonja (D:10)
  Amaemon (D:9)
  The ghost of shmup the Arsonist, a novice TeFE of Makhleb (D:7)
  An ugly thing (D:11)
  A cyclops (D:11)
  3 manticores (D:11)
  Maurice (D:8)
  Joseph (D:7)
  An orange demon (D:9)
  Psyche (D:8)
  An unseen horror (D:11)
  Maggie (D:8)
  2 hornets
  3 meliai (D:10)
  2 trolls
  Prince Ribbit (D:7)
  Grinder (D:3)
  A shadow (D:10)
  2 wraiths (D:11)
  3 wyverns
  3 yaks (D:9)
  2 steam dragons
  Grum (D:8)
  Menkaure (D:7)
  An acid dragon (D:5)
  A water moccasin (D:11)
  4 orc warriors
  An ice beast (D:8)
  An ogre (D:7)
  3 centaurs
  3 wolves (D:8)
  3 phantoms
  2 elf zombies (Ossuary)
  2 kobold brigands
  A bullfrog (D:8)
  5 scorpions
  5 killer bees (D:8)
  7 howler monkeys
  A crimson imp (D:10)
  3 human zombies (Ossuary)
  3 orc priests
  5 hounds
  A jelly (D:7)
  Jessica (D:2)
  Terence (D:2)
  9 orc wizards
  A sleepcap (D:8)
  3 iguanas
  5 mummies
  3 gnolls
  8 adders
  A shadow imp (D:6)
  2 white imps
  2 ufetubi
  5 adder zombies (Ossuary)
  4 worms
  3 dart slugs
  24 orcs
  5 endoplasms
  6 giant cockroaches
  12 goblins
  5 hobgoblins
  A jackal (D:2)
  15 kobolds
  5 quokkas
  11 ball pythons
  5 bats
  2 frilled lizards
  2 gnoll zombies (Ossuary)
  4 goblin zombies (Ossuary)
  5 hobgoblin zombies
  3 jackal zombies (Ossuary)
  8 kobold zombies (Ossuary)
  2 orc zombies
  2 quokka zombies (Ossuary)
  8 rats
  A rat zombie (Ossuary)
  A butterfly (D:5)
268 creatures vanquished.

Vanquished Creatures (others)
  A white imp (D:6)
1 creature vanquished.

Grand Total: 269 creatures vanquished

Notes
Turn   | Place    | Note
-------+----------+-------------------------------------------
     0 | D:1      | spardeous the Demigod Conjurer began the quest for the Orb.
     0 | D:1      | Reached XP level 1. HP: 14/14 MP: 5/5
   326 | D:1      | Reached XP level 2. HP: 20/20 MP: 1/7
   480 | D:1      | Learned a level 2 spell: Searing Ray
   823 | D:1      | Reached XP level 3. HP: 26/26 MP: 0/9
  1509 | D:2      | Noticed Jessica
  1512 | D:2      | Killed Jessica
  1747 | D:2      | Reached XP level 4. HP: 33/33 MP: 3/11
  1812 | D:2      | Identified the ring "Tyogoy" {rC+ Will+ Int+5}
  2005 | D:2      | Noticed Terence
  2017 | D:2      | Killed Terence
  2598 | D:3      | Noticed Grinder
  2608 | D:3      | Killed Grinder
  2609 | D:3      | Reached skill level 5 in Conjurations
  2609 | D:3      | Reached XP level 5. HP: 32/38 MP: 3/14
  2614 | D:3      | Learned a level 4 spell: Iskenderun's Mystic Blast
  2918 | D:3      | Reached XP level 6. HP: 45/45 MP: 10/15
  3047 | D:3      | You fall into a shaft and drop 1 floor!
  3348 | D:4      | Found a sand-covered staircase.
  3422 | Ossuary  | Entered an ossuary
  3599 | Ossuary  | Reached skill level 1 in Translocations
  3846 | Ossuary  | Reached skill level 2 in Translocations
  4089 | Ossuary  | Reached XP level 7. HP: 50/50 MP: 7/16
  4186 | Ossuary  | Reached skill level 3 in Translocations
  4817 | D:4      | Reached skill level 4 in Translocations
  5698 | D:5      | Entered Level 5 of the Dungeon
  6128 | D:5      | Reached skill level 5 in Translocations
  6367 | D:5      | Reached skill level 5 in Spellcasting
  6367 | D:5      | Reached XP level 8. HP: 18/57 MP: 8/19
  6543 | D:5      | Found a staircase to the Ecumenical Temple.
  7691 | D:6      | Reached skill level 6 in Translocations
  8772 | D:7      | Noticed Prince Ribbit
  8877 | D:7      | Killed Prince Ribbit
  8878 | D:7      | Reached skill level 7 in Translocations
  8986 | D:7      | Reached XP level 9. HP: 48/62 MP: 2/22
  8989 | D:7      | Identified the +12 mace of the Turnip {holy, Drain rC++ rN+
                  | Dex+2}
  9010 | D:7      | Noticed Menkaure
  9291 | D:7      | Killed Menkaure
  9384 | D:7      | Noticed Joseph
  9727 | D:7      | Killed Joseph
  9728 | D:7      | Reached skill level 8 in Translocations
  9728 | D:7      | Noticed shmup's ghost (novice TeFE)
 10002 | D:7      | Found a runed translucent door.
 10295 | D:8      | Noticed Maurice
 10348 | D:8      | Killed Maurice
 10350 | D:8      | Noticed Grum
 10477 | D:8      | Killed Grum
 10695 | D:8      | Noticed Psyche
 10705 | D:8      | Killed Psyche
 10706 | D:8      | Reached skill level 9 in Translocations
 10970 | D:8      | Noticed Maggie
 11014 | D:8      | Reached XP level 10. HP: 69/69 MP: 6/26
 11244 | D:8      | Noticed Erica
 11268 | D:8      | Killed Erica
 12061 | D:8      | Killed Maggie
 12062 | D:8      | Reached skill level 1 in Shields
 12358 | D:9      | Noticed Amaemon
 12508 | D:9      | Killed Amaemon
 12509 | D:9      | Reached skill level 10 in Translocations
 12874 | D:9      | Paralysed by a hornet for 2 turns
 13714 | D:10     | Entered Level 10 of the Dungeon
 13754 | D:10     | Found Xibbym's Magic Scroll Emporium.
 13760 | D:10     | Bought a scroll of magic mapping for 82 gold pieces
 13760 | D:10     | Bought a scroll of enchant armour for 82 gold pieces
 13760 | D:10     | Bought a scroll of identify for 22 gold pieces
 13921 | D:10     | Noticed Fannar
 13948 | D:10     | Killed Fannar
 14392 | D:10     | Noticed Sonja
 14394 | D:10     | Killed Sonja
 14395 | D:10     | Reached XP level 11. HP: 74/74 MP: 19/29
 14448 | D:10     | Found a staircase to the Lair.
 14674 | D:10     | Noticed Harold
 14688 | D:10     | Killed Harold
 15378 | D:7      | Killed shmup's ghost
 15379 | D:7      | Reached skill level 10 in Spellcasting
 15682 | D:11     | Found a staircase to the Orcish Mines.
 15686 | D:11     | Noticed a two-headed ogre
 15707 | D:11     | Killed a two-headed ogre
 15708 | D:11     | Reached skill level 5 in Shields
 15813 | D:11     | Reached skill level 11 in Translocations
 17113 | D:11     | Noticed a two-headed ogre
 17121 | D:11     | Killed a two-headed ogre
 17429 | D:11     | Noticed a skeletal warrior
 17564 | D:11     | Slain by a skeletal warrior

Illustrated notes

Levels and vault maps discovered:
D:1:      lightli_iron_boxes, layout_basic
D:2:      layout_basic, shapermc_ecumenical_altar_ellora,
          roderic_serpentine_path, kennysheep_generic_room_6, uniq_jessica,
          uniq_terence
D:3:      layout_basic, tgw_xom, slow_altar_1, nicolae_titane, uniq_grinder
D:4:      layout_rooms, fedhas_altar_4, nicolae_uskayaw_suspiria,
          nicolae_ossuary_entry_giza
D:5:      layout_layer_cave, kennysheep_okawaru_gauntlet,
          minmay_temple_entry_butterflies
D:6:      layout_loops_corners, lemuel_doored_altar, minmay_misc_feat_plants
D:7:      layout_rooms, mainiacjoe_overflow_catwalk_spiral,
          hellmonk_ghost_happy_afterlife, uniq_joseph, uniq_prince_ribbit1,
          uniq_menkaure
D:8:      layout_loops_ring, mainiacjoe_overflow_alcove_4,
          kiku_gazebo_garden_becter, kennysheep_orc_sif_temple, uniq_maggie,
          uniq_grum, uniq_maurice, uniq_erica, uniq_psyche
D:9:      layout_gridville, lemuel_coloured_pillars_altar, uniq_amaemon
D:10:     layout_long_grid, grunt_temple_overflow_lords_of_destruction,
          amcnicky_altar_gilded, nicolae_wu_jian_immortal_techniques,
          lair_entry_dummy, serial_shops, shop, uniq_harold, uniq_sonja,
          uniq_fannar
D:11:     minmay_the_grid_triangle_9x9_line_8_mashed
          [minmay_the_grid_triangle_9x9_empty,
          minmay_the_grid_triangle_9x9_alien,
          minmay_the_grid_triangle_9x9_stretched_checkered,
          minmay_the_grid_triangle_9x9_zippers_vertical,
          minmay_the_grid_triangle_9x9_sparse_checkered,
          minmay_the_grid_triangle_9x9_impossible_snake,
          minmay_the_grid_triangle_9x9_from_above,
          minmay_the_grid_triangle_9x9_prize_insulated], layout_rooms,
          introduction_to_nature_1

Skill      XL: |  1  2  3  4  5  6  7  8  9 10 11 |
---------------+----------------------------------+-----
Spellcasting   | 2 4 5 6 8 9 10 | 10.4
Conjurations   | 4 5 6 7 |  7.9
Translocations | 2 5 7 9 10 11 | 11.0
Shields        | 4 5 |  5.7
Dodging        | |  1.7
Stealth        | |  1.7

Action                     |  1- 3 |  4- 6 |  7- 9 | 10-12 || total
---------------------------+-------+-------+-------+-------++-------
  Melee: Mace              |       |    41 |     5 |    29 ||    75
         Punch             |       |       |     1 |       ||     1
   Cast: Magic Dart        |    84 |    91 |   133 |     9 ||   317
         Searing Ray       |       |    25 |    33 |     6 ||    64
         Iskenderun's Myst |       |       |    64 |   188 ||   252
    Use: Scroll            |       |       |     3 |    10 ||    13
         Potion            |       |       |       |     1 ||     1
   Stab: Sleeping          |       |     2 |       |       ||     2
 Armour: Robe              |     3 |    39 |     1 |       ||    43
         Ring mail         |       |       |     5 |       ||     5
         Acid dragon scale |       |       |    41 |    61 ||   102
  Dodge: Dodged            |     7 |    96 |    51 |    50 ||   204
  Block: Buckler           |       |       |     3 |    34 ||    37
